 Dungeon Crawl Stone Soup version 0.29-a0-1043-g569b05d6ff (webtiles) character file.

Game seed: 9293108924263715188

55 Newt the Charlatan (level 3, -1/28 HPs)
             Began as a Draconian Artificer on Aug 15, 2022.
             Slain by a kobold
             ... wielding a +0 whip
              (2 damage)
             ... on level 2 of the Dungeon.
             The game lasted 00:03:30 (1797 turns).

Newt the Charlatan (Draconian Artificer)            Turns: 1797, Time: 00:03:31

Health: -1/28      AC:  5    Str: 16    XL:     3   Next: 67%
Magic:  3/3        EV: 12    Int: 11    God:
Gold:   14         SH:  0    Dex: 17    Spells: 2/2 levels left

rFire   . . .      SeeInvis .   a - +0 club
rCold   . . .      Faith    .   (no shield)
rNeg    . . .      Spirit   .   (body armour unavailable)
rPois   .          Reflect  .   (helmet restricted)
rElec   .          Harm     .   (no cloak)
rCorr   .          Rampage  .   (no gloves)
Will    .....                   (no boots)
Stlth   ++........              (no amulet)
HPRegen 0.09/turn               k - +6 ring of dexterity
MPRegen 0.08/turn               (no ring)

@: no status effects
A: AC +5, unfitting armour, cold-blooded
a: no special abilities


You were on level 2 of the Dungeon.
You visited 1 branch of the dungeon, and saw 2 of its levels.

You collected 14 gold pieces.

Inventory:

Hand Weapons
 a - a +0 club (weapon)
Missiles
 f - 20 stones
Jewellery
 k - a +6 ring of dexterity (left hand)
Wands
 b - a wand of flame (7) (quivered)
 c - a wand of charming (15)
 d - a wand of iceblast (4)
Scrolls
 i - a scroll of fog {unknown}
 j - a scroll of teleportation {unknown}
Potions
 e - 2 potions of attraction {unknown}
 g - a potion of curing {unknown}
 h - a potion of ambrosia {unknown}
 l - a potion of flight {unknown}


   Skills:
 - Level 1.1 Fighting
 - Level 2.1 Dodging
 - Level 0.8 Stealth
 + Level 4.7 Evocations


You had 2 spell levels left.
You didn't know any spells.
Your spell library contained the following spells:

 Spells                   Type           Power      Damage    Failure   Level
 Slow                     Hex            0%         N/A       34%         1
 Summon Small Mammal      Summ           0%         N/A       34%         1
 Blink                    Tloc           0%         N/A       47%         2
 Call Canine Familiar     Summ           0%         N/A       71%         3
 Lesser Beckoning         Tloc           0%         N/A       71%         3
 Summon Guardian Golem    Hex/Summ       0%         N/A       71%         3
 Manifold Assault         Tloc           0%         N/A       100%        5
 Orb of Destruction       Conj           0%         9d5       100%        7
 Spellforged Servitor     Conj/Summ      0%         N/A       100%        7


Dungeon Overview and Level Annotations

Branches:
Dungeon (2/15)

Altars:


Innate Abilities, Weirdness & Mutations

Your plain brown scales are hard. (AC +5)
You cannot fit into any form of body armour.
You are cold-blooded and may be slowed by cold attacks.


Message History

Press: ? - help, Q - select action, (/) - cycle Shift-Dir - straight line, f/p - Terence
Aim: Terence, wielding a +0 falchion and wearing a +0 chain mail (heavily wounded, 81% to hit)
The puff of flame hits Terence.
Terence is almost dead.
The kobold throws a stone.
The stone hits you. Terence says, "Did you write a will?
You should..."
You hit Terence but do no damage.
Terence is almost dead.
Terence closely misses you.
You hit Terence but do no damage.
You tail-slap Terence, but do no damage.
Terence is almost dead.
Terence hits you with a +0 falchion. The kobold closely misses you.
Unknown command.
You hit Terence but do no damage.
Your tail-slap misses Terence.
Terence is almost dead.
The kobold hits you with a +0 whip. Terence closely misses you.
The kobold hits you with a +0 whip. Terence hits you with a +0 falchion.
You closely miss Terence.
Terence is almost dead.
Terence hits you with a +0 falchion.
* * * LOW HITPOINT WARNING * * *
The kobold hits you with a +0 whip.
* * * LOW HITPOINT WARNING * * *
Unknown command.
Aiming: Throw Flame
Press: ? - help, Q - select action, (/) - cycle Shift-Dir - straight line, f/p - Terence
Aim: Terence, wielding a +0 falchion and wearing a +0 chain mail (almost dead, 81% to hit)
The puff of flame hits Terence but does no damage.
Terence is almost dead.
Terence hits you with a +0 falchion.
* * * LOW HITPOINT WARNING * * *
The kobold hits you but does no damage.
Aiming: Throw Flame
Press: ? - help, Q - select action, (/) - cycle Shift-Dir - straight line, f/p - Terence
Aim: Terence, wielding a +0 falchion and wearing a +0 chain mail (almost dead, 81% to hit)
The puff of flame hits Terence.
You kill Terence!
The kobold hits you with a +0 whip.
You die...

##... #P ..#####
##.)..#.## # #.......
#....#.#. .#P#. ....
#..#.#.#####.#P#.....
#.#.#.#._†#.#.#...>.
#...^.....^.........
#...................
#.#########.)..?....
#.#### #.@...###.
#....# #.K.?.....
####.# #.....#### #.#
#.....#
#.########..... #
#........ ...... . .
#..###### .#.####
#.#.####..# .#.#
....#.....#


You could see a kobold.

Vanquished Creatures
  Terence (D:2)
  An adder (D:2)
  A worm (D:2)
  A dart slug (D:1)
  3 endoplasms (D:1)
  A giant cockroach (D:1)
  5 hobgoblins (D:1)
  6 jackals
  3 kobolds (D:1)
  A quokka (D:2)
  5 bats (D:1)
  3 frilled lizards
  3 goblins (D:1)
  5 rats (D:1)
39 creatures vanquished.

Vanquished Creatures (others)
  3 fungi (D:2)
  A plant (D:2)
4 creatures vanquished.

Grand Total: 43 creatures vanquished

Notes
Turn   | Place    | Note
-------+----------+-------------------------------------------
     0 | D:1      | Newt the Draconian Artificer began the quest for the Orb.
     0 | D:1      | Reached XP level 1. HP: 16/16 MP: 1/1
   213 | D:1      | Reached XP level 2. HP: 7/23 MP: 2/2
   627 | D:1      | Reached skill level 4 in Evocations
  1142 | D:1      | Reached XP level 3. HP: 28/28 MP: 3/3
  1751 | D:2      | Found a faded altar of an unknown god.
  1775 | D:2      | Got Plato's Guide on Enchantment
  1786 | D:2      | Noticed Terence
  1796 | D:2      | HP: 1/28 [Terence/+0 falchion (3)]
  1797 | D:2      | Killed Terence
  1797 | D:2      | Slain by a kobold

Illustrated notes

Levels and vault maps discovered:
D:1:      wander_arrival_lonely_grave, layout_basic
D:2:      layout_loops_ring, shapermc_ecumenical_altar_rom_forum, hex_medium,
          uniq_terence

Skill      XL: |  1  2 |
---------------+-------+-----
Evocations     | 4 |  4.7
Fighting       | |  1.1
Dodging        | |  2.1
Stealth        | |  0.8

Action                   || total
-------------------------++-------
Melee: Club              ||   181
       Tailslap          ||    29
Evoke: Wand              ||     9
 Stab: Distracted        ||     1
Armor: Skin              ||    61
Dodge: Dodged            ||   141

Table legend: (Time is in decaauts)
 A = Elapsed time spent in this place.
 B = Non-inter-level travel time spent in this place.
 C = Inter-level travel time spent in this place.
 D = Time resting spent in this place.
 E = Time spent auto-exploring this place.
 F = Levels seen in this place.
 G = Mean time per level.
                   A        B        C        D        E       F      G
               +--------+--------+--------+--------+--------+-----+--------+
         Total |   1851 |   1823 |     28 |    425 |    938 |   2 |  925.5 |
       Dungeon |   1851 |   1823 |     28 |    425 |    938 |   2 |  925.5 |
               +--------+--------+--------+--------+--------+-----+--------+

Top non-repeatable levels by time:
     D:1: 1689 daAuts
     D:2: 162 daAuts
